 Dungeon Crawl Stone Soup version 0.18-a0-1225-g5d63bca (webtiles) character file.

49 Scytalen the Slasher (level 4, -6/35 HPs)
             Began as a Formicid Abyssal Knight on Feb 3, 2016.
             Was a Believer of Lugonu.
             Mangled by Crazy Yiuf
             ... wielding a +4 quarterstaff of chaos
              (14 damage)
             ... on level 2 of the Dungeon.
             The game lasted 00:05:35 (1609 turns).

Scytalen the Slasher (Formicid Abyssal Knight)      Turns: 1609, Time: 00:05:36

Health: -6/35      AC:  3    Str: 16    XL:     4   Next: 1%
Magic:  5/5        EV: 11    Int: 12    God:    Lugonu [**....]
Gold:   36         SH:  0    Dex: 13    Spells: 0 memorised, 3 levels left

rFire  . . .     SeeInvis +     a - +1 falchion
rCold  . . .     Gourm    .     b - +0 leather armour
rNeg   + . .     Faith    .     (no shield)
rPois  +         Spirit   .     (helmet unavailable)
rElec  .         Dismiss  .     (no cloak)
rCorr  .         Reflect  .     (no gloves)
SustAt .         Harm     .     (no boots)
MR     .....                    (no amulet)
Stlth  ++........               (no ring)
                                l - ring of positive energy

@: lethally poisoned (-6 -> -24), not resistant to hostile enchantments,
unstealthy
A: permanent stasis, dig shafts and tunnels, four strong arms, antennae 3,
talons 1, thin skeletal structure 1, poison resistance
a: Dig, Shaft Self, Depart the Abyss, Bend Space, Renounce Religion


You were on level 2 of the Dungeon.
You worshipped Lugonu.
Lugonu was pleased with you.
You were not hungry.

You visited 1 branch of the dungeon, and saw 2 of its levels.
You visited the Abyss 1 time.

You collected 36 gold pieces.

Inventory:

Hand Weapons
 a - a +1 falchion (weapon)
Missiles
 h - 12 poisoned needles
 k - 8 stones (quivered)
Armour
 b - a +0 leather armour (worn)
Jewellery
 l - a ring of positive energy (left hand)
Scrolls
 d - a scroll of enchant armour {unknown}
 e - 2 scrolls of identify {unknown}
 g - a scroll of teleportation {unknown}
 q - 3 scrolls of enchant weapon {unknown}
Potions
 i - a potion of might {unknown}
 j - a potion of mutation
 m - a potion of cure mutation {unknown}
 n - a potion of heal wounds {unknown}
 o - a potion of curing {unknown}
Comestibles
 c - a bread ration
 f - a beef jerky
 p - 4 chunks of flesh


   Skills:
 - Level 3.2 Fighting
 + Level 4.0 Long Blades
 - Level 2.1 Armour
 - Level 0.8 Dodging
 - Level 2.1 Invocations


You had 3 spell levels left.
You didn't know any spells.

Dungeon Overview and Level Annotations

Branches:
Dungeon (2/15)

Altars:
Ashenzari

Annotations:
D:2 Crazy Yiuf


Innate Abilities, Weirdness & Mutations

You are under a permanent stasis effect.
You can dig through walls and to a lower floor.
Your four strong arms can wield two-handed weapons with a shield.
You have a pair of large antennae on your head (SInv).
You have sharp toenails.
You have a somewhat thin skeletal structure (Dex +2, Stealth).
Your system is resistant to poisons.


Message History

Crazy Yiuf says, "Lugonu song horse!"
Crazy Yiuf hits you with a quarterstaff of chaos!
You are lethally poisoned!
You take 11 damage, and have 20/35 hp.
MASSIVE DAMAGE!!
You hit Crazy Yiuf.
Crazy Yiuf is moderately wounded.
You feel sick.
Crazy Yiuf hits you with a quarterstaff of chaos.
* * * LOW HITPOINT WARNING * * *
You take 10 damage, and have 10/35 hp.
MASSIVE DAMAGE!!
Drink which item? (? for menu, Esc to quit)
It was a potion of mutation.
You feel extremely strange.
Your toenails lengthen and sharpen.
You feel resistant to poisons.
Your bones become slightly less dense.
* * * LOW HITPOINT WARNING * * *
You feel sick.
Crazy Yiuf hits you with a quarterstaff of chaos!
You die...

.........##....>.......#
#####.################.#
#.# #.## #.# #..# ###
### ♣♣###.# #)(.#
♣♣P.#..#
#.(..(♣♣♣♣.P....#
♣.g♣..P...## ♣♣♣@♣...###
♣♣♣♣♣##


You could see Crazy Yiuf.

Vanquished Creatures
  An adder (D:2)
  2 ball pythons
  4 giant cockroaches (D:1)
  9 goblins
  2 hobgoblins
  5 jackals (D:1)
  4 kobolds
  A bat (D:1)
  7 rats
35 creatures vanquished.

Notes
Turn   | Place    | Note
--------------------------------------------------------------
     0 | Abyss:1  | Scytalen the Formicid Abyssal Knight began the quest for the Orb.
     0 | Abyss:1  | Reached XP level 1. HP: 18/18 MP: 2/2
    14 | D:1      | Escaped the Abyss
   412 | D:1      | Reached XP level 2. HP: 24/24 MP: 3/3
   565 | D:1      | Found a shattered altar of Ashenzari.
   617 | D:1      | Reached XP level 3. HP: 22/29 MP: 4/4
   707 | D:1      | Reached ** piety under Lugonu
  1467 | D:2      | Reached XP level 4. HP: 32/35 MP: 5/5
  1475 | D:2      | Reached skill level 4 in Long Blades
  1600 | D:2      | Noticed Crazy Yiuf
  1609 | D:2      | Gained mutation: You have sharp toenails. [potion of mutation]
  1609 | D:2      | Gained mutation: Your system is resistant to poisons. [potion of mutation]
  1609 | D:2      | Gained mutation: You have a somewhat thin skeletal structure (Dex +2, Stealth). [potion of mutation]
  1609 | D:2      | Mangled by Crazy Yiuf

Vault maps used:
D:1:      minmay_arrival_stair_chambers, minmay_tree_intersection,
          minmay_stone_trees_medium, ashenzari_altar_1
D:2:      first_bread, uniq_crazy_yiuf_cottage

Action                   |  1- 3 |  4- 6 || total
-------------------------+-------+-------++-------
Melee: Falchion          |   102 |    11 ||   113
Throw: Stone             |     9 |     4 ||    13
  Use: Potion            |       |     1 ||     1
  Eat: Chunk             |     2 |       ||     2
